cohdb
Replays
Latest Replays
All Replays
Popular Replays
Top Player Replays
Match Explorer
How It Works
Community
CoH3 Stats
Reddit
Sign in to upload your games and track your stats! →
Sign in with Steam
Match 42639179
Unlisted
Match 42639179
Overview
Messages
Build Orders
End
Construct Barracks
Riflemen Squad
Riflemen Squad
M1 Mortar Team
Construct Weapon Support Center
Mechanized Support Center
M3 Armored Personnel Carrier
Selects Heavy Weapons
Selects Assault Carriers
Grenade Package
Designate Forward Repair Station
Construct Motor Pool
Bazooka Squad
M1919 Machine Gun Team
Selects Exchangeable Parts
M1 Anti-tank Gun Team
Selects M2HB .50cal Heavy Machine Gun
M1919 Machine Gun Team
Scout Squad
Engineer Squad
Construct Tank Depot
Riflemen Squad
Selects Rapid Reposition
M4A1 Sherman Medium Tank
Selects Black Dragon Artillery Barrage
M4A1 76mm Conversion
M1 Anti-tank Gun Team
BMW0013
Lucky Lager
Soapbottle
xjxyGL
AI-COM/RSPN
Jd577
OMYGOD!
Cirrec
0
0
Comments
sign in to comment!
No comments posted yet!